 Dungeon Sprint DCSS version 0.26-a0-665-gefeb406119 (webtiles) character file.

Game seed: 15995629392946570717

159 mhtbhm the Martial Artist (level 5, -10/35 HPs)
             Began as an Octopode Transmuter on Oct 15, 2020.
             Was a Follower of Makhleb.
             Mangled by a two-headed ogre
             ... wielding a +0 giant spiked club
              (30 damage)
             ... in the Dungeon (Sprint IX: "|||||||||||||||||||||||||||||").
             The game lasted 00:01:06 (556 turns).

mhtbhm the Martial Artist (Octopode Transmuter)      Turns: 556, Time: 00:01:07

Health: -10/35     AC:  1    Str: 13    XL:     5   Next: 40%
Magic:  4/11       EV: 15    Int: 15    God:    Makhleb [*.....]
Gold:   0          SH:  0    Dex: 13    Spells: 6/12 levels left

rFire    . . .     SeeInvis .     - Unarmed
rCold    . . .     Faith    .   (no shield)
rNeg     . . .     Spirit   .   (helmet restricted)
rPois    .         Reflect  .   (no amulet)
rElec    .         Harm     .   l - +3 ring of strength
rCorr    .         Rampage  .   (no ring)
MR       .....     NoTele   +   (no ring)
Stlth    ++........             (no ring)
HPRegen  0.11/turn              (no ring)
MPRegen  0.12/turn              (no ring)
                                (no ring)
                                (no ring)

@: wereblooded (expiring)
A: almost no armour, stealthy swim, amphibious, 8 rings, constrict 8, camouflage
1, gelatinous body 1
a: Renounce Religion


You were in the Dungeon.
You worshipped Makhleb.
Makhleb was aware of your devotion.
You visited 1 branch

Inventory:

Jewellery
 k - a +3 ring of dexterity
 l - a +3 ring of strength (left tentacle)
Wands
 j - a wand of acid (8)
Scrolls
 g - 2 scrolls of blinking
 h - 3 scrolls of remove curse
 i - 2 scrolls of amnesia
Potions
 a - a potion of invisibility
 b - 4 potions of curing
 c - a potion of heal wounds
 d - a potion of haste
 e - 4 potions of magic
 f - a potion of berserk rage


   Skills:
 + Level 2.4 Fighting
 + Level 4.3 Dodging
 - Level 0.4 Stealth
 + Level 8.0 Unarmed Combat
 + Level 4.2 Spellcasting
 + Level 4.1 Transmutations
 + Level 0.8 Poison Magic
 + Level 0.8 Evocations


You had 6 spell levels left.
You knew the following spells:

 Your Spells              Type           Power        Failure   Level
a - Beastly Appendage     Tmut           ###...       3%          1
b - Wereblood             Tmut           ###.....     4%          2
c - Spider Form           Tmut/Pois      ##........   19%         3

Your spell library contained the following spells:

 Spells                   Type           Power        Failure   Level
 Ice Form                 Ice/Tmut       #.......     58%         4
 Blade Hands              Tmut           ###.......   65%         5


Dungeon Overview and Level Annotations

Branches:
Dungeon (1/1)

Altars:
Cheibriados
Dithmenos
Elyvilon
Fedhas
Gozag
Hepliaklqana
Kikubaaqudgha
Makhleb
Nemelex Xobeh
Okawaru
Qazlal
Ru
Sif Muna
Trog
Uskayaw
Vehumet
Wu Jian
Xom
Yredelemnul
Zin
The Shining One
Beogh
Jiyva
Lugonu


Innate Abilities, Weirdness & Mutations

You cannot wear most types of armour.
You are very stealthy in the water. (Stealth+)
You are amphibious.
You can wear up to eight rings at the same time.
You can use your tentacles to constrict eight enemies at once.
Your skin changes colour to match your surroundings (Stealth+).
Your rubbery body absorbs attacks. (AC +1, EV +1)


Message History

You have reached level 5!
You feel agile.
The bolt of acid hits the two-headed ogre!
The two-headed ogre is splashed with acid.
The two-headed ogre seems to be corroded for longer.
The two-headed ogre is heavily wounded.
The bolt of acid misses the scorpion.
The bolt of acid misses the orc wizard.
The bolt of acid hits the gnoll.
The gnoll is splashed with acid!
The acid corrodes the gnoll!
You kill the gnoll!
Makhleb accepts your kill.
You can now gain health from killing.
Your Unarmed Combat skill increases to level 8!
Unknown command.
Unknown command.
You bludgeon the two-headed ogre! You squeeze the two-headed ogre!
The two-headed ogre is severely wounded.
Your primal bloodlust is almost over.
The two-headed ogre hits you with a +0 giant spiked club!!
Ouch! That really hurt!
You die... ▓▓▓▓▓▓▓▓▓▓▓▓▓▓▓▓▓▓▓▓▓▓▓▓▓ _______'..).[[[.@Oso.)..+ ▓▓▓▓▓▓▓▓▓▓▓▓▓▓▓▓▓▓▓▓▓▓▓▓▓

You could see a two-headed ogre (corroded), a scorpion and an orc wizard.

Vanquished Creatures
  An ice beast (D)
  An orc priest (D)
  A gnoll (D)
  An adder (D)
  A shadow imp (D)
  An orc (D)
  A giant cockroach (D)
  A goblin (D)
  A kobold (D)
  A quokka (D)
  3 bats (D)
13 creatures vanquished.

Notes
Turn   | Place    | Note
-------+----------+-------------------------------------------
     0 | D        | mhtbhm the Octopode Transmuter began the quest for the Orb.
     0 | D        | Reached XP level 1. HP: 13/13 MP: 3/3
    14 | D        | Reached skill level 4 in Unarmed Combat
   179 | D        | Noticed an orc priest
   182 | D        | Reached XP level 2. HP: 18/18 MP: 3/5
   201 | D        | Reached skill level 5 in Unarmed Combat
   201 | D        | Reached XP level 3. HP: 6/23 MP: 3/7
   209 | D        | Learned a level 2 spell: Wereblood
   213 | D        | Learned a level 3 spell: Spider Form
   475 | D        | Found a roughly hewn altar of Beogh.
   475 | D        | Found a snail-covered altar of Cheibriados.
   475 | D        | Found a shadowy altar of Dithmenos.
   475 | D        | Found a white marble altar of Elyvilon.
   475 | D        | Found a blossoming altar of Fedhas.
   475 | D        | Found an opulent altar of Gozag.
   476 | D        | Found a hazy altar of Hepliaklqana.
   477 | D        | Found a viscous altar of Jiyva.
   478 | D        | Found an ancient bone altar of Kikubaaqudgha.
   479 | D        | Found a corrupted altar of Lugonu.
   480 | D        | Found a burning altar of Makhleb.
   481 | D        | Found a sparkling altar of Nemelex Xobeh.
   482 | D        | Found an iron altar of Okawaru.
   483 | D        | Found a stormy altar of Qazlal.
   484 | D        | Found a sacrificial altar of Ru.
   485 | D        | Found a shimmering blue altar of Sif Muna.
   486 | D        | Found a bloodstained altar of Trog.
   487 | D        | Found a hide-covered altar of Uskayaw.
   488 | D        | Found a radiant altar of Vehumet.
   489 | D        | Found an ornate altar of the Wu Jian Council.
   490 | D        | Found a shimmering altar of Xom.
   491 | D        | Found a basalt altar of Yredelemnul.
   492 | D        | Found a glowing silver altar of Zin.
   493 | D        | Found a glowing golden altar of the Shining One.
   504 | D        | Became a worshipper of Makhleb the Destroyer
   537 | D        | Noticed an ice beast
   537 | D        | Noticed a scorpion
   537 | D        | Noticed a two-headed ogre
   542 | D        | Reached skill level 6 in Unarmed Combat
   555 | D        | Killed an ice beast
   555 | D        | Reached skill level 7 in Unarmed Combat
   555 | D        | Reached XP level 4. HP: 17/30 MP: 3/10
   555 | D        | Reached XP level 5. HP: 19/35 MP: 3/11
   555 | D        | Reached * piety under Makhleb
   555 | D        | Reached skill level 8 in Unarmed Combat
   556 | D        | Mangled by a two-headed ogre

Illustrated notes

Levels and vault maps discovered:
D:        linesprint [early_d, line_temple, items_1, d_10, items_2, lair_1,
          lair_end, items_3, orc_1, orc_end, items_4, d_15, swamp_1, shoals_1,
          snake_1, spider_1, d_20, vaults_1, items_5, swamp_end, shoals_end,
          snake_end, spider_end, vaults_end, d_27, items_6, zot_1, zot_end,
          crypt_end, forest_end, elf_end, slime_end, tomb_end, abyss_end,
          pan_hell_end]

Skill      XL: |  1  2  3  4  5 |
---------------+----------------+-----
Unarmed Combat | 4 5 7 8 |  8.0
Dodging        | 3 4 |  4.3
Spellcasting   | 3 4 |  4.2
Transmutations | 4 |  4.1
Fighting       | 2 |  2.4
Stealth        | |  0.4
Poison Magic   | |  0.8
Evocations     | |  0.8

Action                   |  1- 3 |  4- 6 || total
-------------------------+-------+-------++-------
Melee: Unarmed           |    46 |     1 ||    47
       Constrict         |     9 |       ||     9
       Kick              |     5 |       ||     5
       Tentacles         |     3 |     1 ||     4
 Cast: Beastly Appendage |     2 |       ||     2
       Spider Form       |     1 |       ||     1
       Wereblood         |     1 |       ||     1
Evoke: Wand              |     1 |     1 ||     2
  Use: Potion            |     3 |       ||     3
 Stab: Sleeping          |     1 |       ||     1
Armor: Skin              |     4 |       ||     4
Dodge: Dodged            |    26 |       ||    26

Table legend: (Time is in decaauts)
 A = Elapsed time spent in this place.
 B = Non-inter-level travel time spent in this place.
 C = Inter-level travel time spent in this place.
 D = Time resting spent in this place.
 E = Time spent auto-exploring this place.
 F = Levels seen in this place.
 G = Mean time per level.
                   A        B        C        D        E       F      G
               +--------+--------+--------+--------+--------+-----+--------+
         Total |    551 |    551 |      0 |    415 |      3 |   1 |  551.0 |
       Dungeon |    551 |    551 |      0 |    415 |      3 |   1 |  551.0 |
               +--------+--------+--------+--------+--------+-----+--------+

Top non-repeatable levels by time:
       D: 551 daAuts
